 Dungeon Crawl Stone Soup version 0.23.2-30-g0e89c35649 (webtiles) character file.

Game seed: 9372265645974806413

47 Mrkan the Caller (level 3, -1/25 HPs)
             Began as a Gnoll Summoner on June 25, 2019.
             Succumbed to a goblin's poison
             ... on level 2 of the Dungeon.
             The game lasted 00:03:23 (1295 turns).

Mrkan the Caller (Gnoll Summoner)                   Turns: 1295, Time: 00:03:24

Health: -1/25      AC:  2    Str: 10    XL:     3   Next: 70%
Magic:  7/9        EV: 14    Int: 18    God:
Gold:   36         SH:  0    Dex: 15    Spells: 9/12 levels left

rFire    . . .     SeeInvis .   m - +0 spear
rCold    . . .     Gourm    .   (no shield)
rNeg     . . .     Faith    .   a - +0 robe
rPois    .         Spirit   +   (no helmet)
rElec    .         Reflect  .   o - scarf {Spirit}
rCorr    .         Harm     .   (no gloves)
MR       .....                  (no boots)
Stlth    +++.......             (no amulet)
HPRegen  0.08/turn              (no ring)
MPRegen  0.11/turn              (no ring)

@: lethally poisoned (-1 -> -29)
A: distributed training, fangs 1, strong nose
a: no special abilities


You were on level 2 of the Dungeon.
You were not hungry.

You visited 1 branch of the dungeon, and saw 2 of its levels.

You collected 36 gold pieces.

Inventory:

Hand Weapons
 m - a +0 spear (weapon)
Missiles
 f - a throwing net (quivered)
 p - 3 javelins
Armour
 a - a +0 robe (worn)
 o - a scarf of spirit shield (worn)
Jewellery
 g - an uncursed ring of flight {unknown}
Scrolls
 d - 4 scrolls of identify {unknown}
 e - a scroll of random uselessness {unknown}
 j - a scroll of teleportation {unknown}
 k - a scroll of remove curse {unknown}
 l - a scroll of enchant armour {unknown}
 n - a scroll of magic mapping {unknown}
Potions
 h - 2 potions of lignification {unknown}
 i - a potion of haste {unknown}
Comestibles
 b - 3 chunks of flesh
 c - 3 rations


   Skills:
 + Level 0.9 Fighting
 + Level 0.9 Short Blades
 + Level 0.9 Long Blades
 + Level 0.9 Axes
 + Level 0.9 Maces & Flails
 + Level 0.9 Polearms
 + Level 0.9 Staves
 + Level 0.9 Slings
 + Level 0.9 Bows
 + Level 0.9 Crossbows
 + Level 0.9 Throwing
 + Level 0.9 Armour
 + Level 4.5 Dodging
 + Level 4.2 Stealth
 + Level 0.9 Shields
 + Level 0.9 Unarmed Combat
 + Level 5.0 Spellcasting
 + Level 0.6 Conjurations
 + Level 0.6 Hexes
 + Level 0.6 Charms
 + Level 7.1 Summonings
 + Level 0.6 Necromancy
 + Level 0.6 Translocations
 + Level 0.6 Transmutations
 + Level 0.6 Fire Magic
 + Level 0.6 Ice Magic
 + Level 0.6 Air Magic
 + Level 0.6 Earth Magic
 + Level 0.6 Poison Magic
 + Level 1.0 Invocations
 + Level 0.9 Evocations


You had 9 spell levels left.
You knew the following spells:

 Your Spells              Type           Power        Failure   Level  Hunger
a - Summon Small Mammal   Summ           ####         1%          1    None
b - Call Imp              Summ           ####....     1%          2    #......

Your spell library contained the following spells:

 Spells                   Type           Power        Failure   Level  Hunger
 Call Canine Familiar     Summ           ####....     2%          3    ##.....
 Summon Guardian Golem    Hex/Summ       ###.....     9%          3    ##.....
 Summon Ice Beast         Ice/Summ       ###.....     26%         4    ####...
 Summon Lightning Spire   Summ/Air       ###.....     26%         4    ####...


Dungeon Overview and Level Annotations

Branches:
Dungeon (2/15)

Altars:


Innate Abilities, Weirdness & Mutations

Your experience applies equally to all skills.
You have very sharp teeth.
Your uncanny sense of smell can sniff out nearby items.


Message History

You are lethally poisoned!
You feel sick. The goblin hits you but does no damage.
You are more poisoned.
You feel sick.
The goblin hits you with a +2 dagger of venom.
You are more poisoned.
You feel sick. The goblin barely misses you.
You feel sick. The goblin hits you but does no damage.
You feel sick. The goblin barely misses you.
* * * LOW HITPOINT WARNING * * *
You feel sick.
The goblin hits you with a +2 dagger of venom.
* * * LOW HITPOINT WARNING * * *
You are more poisoned.
* * * LOW HITPOINT WARNING * * *
You feel sick. The goblin closely misses you.
Your crimson imp blinks!
* * * LOW HITPOINT WARNING * * *
You feel sick. The goblin misses you.
You die...

.# #..##......# .# ... ##
##..###....#####.# (...
#....#...%.##... ...s.
.##.......÷##.######.....
. ###................?...
. .........>..###........
.#......#.....#)##..... #
#.#....#..g......<....
#.#....##@###†........ ∆.
#....#.....†........
..#####..5..##....... #..
..)....>## #...... ..
....#....# #.....
.......... ....<
########### ... ∆ ..


You could see a goblin and a friendly crimson imp.

Vanquished Creatures
  An adder (D:2)
  3 giant cockroaches (D:1)
  2 goblins (D:1)
  2 hobgoblins (D:1)
  A bat (D:1)
  2 frilled lizards (D:1)
  4 kobolds
15 creatures vanquished.

Vanquished Creatures (collateral kills)
  2 adders (D:2)
  2 dart slugs
  3 giant cockroaches
  A goblin (D:2)
  2 hobgoblins (D:1)
  4 jackals
  2 kobolds
  A ball python (D:1)
  2 bats (D:1)
  A frilled lizard (D:1)
  3 rats
23 creatures vanquished.

Grand Total: 38 creatures vanquished

Notes
Turn   | Place    | Note
-------+----------+-------------------------------------------
     0 | D:1      | Mrkan the Gnoll Summoner began the quest for the Orb.
     0 | D:1      | Reached XP level 1. HP: 13/13 MP: 6/6
   156 | D:1      | Reached XP level 2. HP: 19/19 MP: 4/7
   687 | D:1      | Reached XP level 3. HP: 17/25 MP: 9/9
  1073 | D:2      | Learned a level 2 spell: Call Imp
  1079 | D:2      | Reached skill level 5 in Spellcasting
  1120 | D:2      | Reached skill level 1 in Invocations
  1294 | D:2      | HP: 1/25 [poisoned by a goblin]
  1295 | D:2      | Succumbed to a goblin's poison

Skill      XL: |  1  2  3 |
---------------+----------+-----
Spellcasting   | 5 |  5.0
Invocations    | 1 |  1.0
Fighting       | |  0.9
Short Blades   | |  0.9
Long Blades    | |  0.9
Axes           | |  0.9
Maces & Flails | |  0.9
Polearms       | |  0.9
Staves         | |  0.9
Slings         | |  0.9
Bows           | |  0.9
Crossbows      | |  0.9
Throwing       | |  0.9
Armour         | |  0.9
Dodging        | |  4.5
Stealth        | |  4.2
Shields        | |  0.9
Unarmed Combat | |  0.9
Conjurations   | |  0.6
Hexes          | |  0.6
Charms         | |  0.6
Summonings     | |  7.1
Necromancy     | |  0.6
Translocations | |  0.6
Transmutations | |  0.6
Fire Magic     | |  0.6
Ice Magic      | |  0.6
Air Magic      | |  0.6
Earth Magic    | |  0.6
Poison Magic   | |  0.6
Evocations     | |  0.9

Action                   || total
-------------------------++-------
Melee: Unarmed           ||    17
       Spear             ||    47
       Bite              ||     6
       Punch             ||     1
 Cast: Summon Small Mamm ||    21
       Call Imp          ||     8
 Stab: Sleeping          ||     2
  Eat: Chunk             ||     1
Armor: Robe              ||    10
Dodge: Dodged            ||    52
